 Dungeon Crawl Stone Soup version 0.31.0-12-g77e489cdc1 (webtiles) character file.

Game seed: 13373895391176026039

247468 OlivierBoivin the Devastator (level 18, -2/147 HPs)
             Began as a Demigod Ice Elementalist on Feb 16, 2024.
             Slain by a ghost moth (glowing shapeshifter) (11 damage)
             ... on level 1 of the Vaults.
             The game lasted 02:53:25 (57982 turns).

OlivierBoivin the Devastator (DgIE)                Turns: 57982, Time: 02:53:25

Health: -2/147     AC: 29    Str: 17    XL:     18   Next: 15%
Magic:  0/37       EV: 15    Int: 36    God:
Gold:   1578       SH: 13    Dex: 17    Spells: 4/37 levels left

rFire   + . .        b - +10 lance "Wyrmbane" {slay drac, rPois rF+ rC+ AC+3}
rCold   + . .        r - +0 kite shield
rNeg    + . .        n - +2 leather armour {Will+}
rPois   +            k - +2 helmet
rElec   .            J - +2 cloak
rCorr   .            H - +2 pair of gloves {Dex+3}
SInv    .            l - +4 pair of boots of Exclusion {rN+ Int+3}
Will    ++...        G - amulet of magic regeneration
Stlth   ++           R - +4 ring of protection
HPRegen 0.44/turn    v - ring of wizardry
MPRegen 0.65/turn

%: wizardry (x1)
@: no status effects
A: high MP 1, forlorn, divine attributes
}: 2/15 runes: barnacled, gossamer
a: no special abilities


You were on level 1 of the Vaults.
You visited 6 branches of the dungeon, and saw 31 of its levels.
You also visited: Sewer.

You collected 2816 gold pieces.
You spent 1238 gold pieces at shops.

Inventory:

Hand Weapons
 b - the +10 lance "Wyrmbane" (weapon) {slay drac, rPois rF+ rC+ AC+3}
   (You took it off Maggie on level 1 of the Lair of Beasts)

   AC+3:      It affects your AC (+3).
   rF+:       It protects you from fire.
   rC+:       It protects you from cold.
   rPois:     It protects you from poison
Missiles
 i - 46 poisoned darts
 z - 2 curare-tipped darts
 E - 12 boomerangs
 S - 2 throwing nets
Armour
 g - the +0 pair of gloves "Soceic" {rElec}
   (You found it on level 1 of the Vaults)

   rElec:     It insulates you from electricity.
 k - a +2 helmet (worn)
 l - the +4 pair of boots of Exclusion (worn) {rN+ Int+3}
   (You found it on level 2 of the Dungeon)

   Int+3:     It affects your intelligence (+3).
   rN+:       It protects you from negative energy.
 n - a +2 leather armour of willpower (worn)
 r - a +0 kite shield (worn)
 H - a +2 pair of gloves of dexterity (worn)
 J - a +2 cloak (worn)
 T - +0 ice dragon scales
Magical Staves
 a - a staff of fire
Jewellery
 h - a ring of magical power
 v - a ring of wizardry (right hand)
 y - a +4 ring of protection
 A - an amulet of reflection
 G - an amulet of magic regeneration (around neck)
 P - a ring of willpower
 R - a +4 ring of protection (left hand)
 U - a +6 ring of intelligence
 V - a ring of resist corrosion
Wands
 c - a wand of flame (2)
 w - a wand of mindburst (5)
 K - a wand of roots (2)
 W - a wand of paralysis (22)
 X - a wand of polymorph (3)
Scrolls
 d - a scroll of blinking
 j - 5 scrolls of enchant weapon
 m - 4 scrolls of brand weapon
 o - 3 scrolls of poison
 q - 3 scrolls of torment
 s - 2 scrolls of noise {unknown}
 t - 2 scrolls of fear
 F - 2 scrolls of immolation
 Y - 2 scrolls of vulnerability
 Z - 3 scrolls of amnesia
Potions
 e - 4 potions of brilliance
 f - 2 potions of curing {@q1}
 p - 6 potions of invisibility
 u - 7 potions of magic
 x - 5 potions of ambrosia
 B - 6 potions of haste
 C - 7 potions of might {@q3}
 D - 2 potions of cancellation
 L - 4 potions of attraction
 M - 3 potions of lignification
 N - 2 potions of resistance
 O - 5 potions of enlightenment
Miscellaneous
 I - a box of beasts (inert)
 Q - a tin of tremorstones (2/2)


   Skills:
 - Level 10.0 Fighting
 - Level 12.0 Polearms
 - Level 10.2 Armour
 - Level 8.0 Dodging
 - Level 1.7 Stealth
 - Level 12.0 Shields
 - Level 10.0 Spellcasting
 + Level 15.0 Conjurations
 - Level 5.0 Summonings
 - Level 4.0 Translocations
 - Level 8.5 Fire Magic
 - Level 7.0 Ice Magic
 - Level 8.0 Evocations


You had 4 spell levels left.
You knew the following spells:

 Your Spells              Type           Power      Damage    Failure   Level
a - Freeze                Ice            100%       1d10      1%          1
b - Frozen Ramparts       Ice            100%       1d16      1%          3
c - Ozocubu's Armour      Ice            62%        N/A       1%          3
d - Summon Ice Beast      Ice/Summ       57%        N/A       1%          3
e - Fireball              Conj/Fire      40%        3d16      1%          5
f - Iskenderun's Battles  Conj           90%        2d14      1%          5
g - Iskenderun's Mystic   Conj/Tloc      72%        2d15      1%          4
h - Blink                 Tloc           92%        N/A       1%          2
i - Orb of Destruction    Conj           45%        9d12      3%          7

Your spell library contained the following spells:

 Spells                   Type           Power      Damage    Failure   Level
 Magic Dart               Conj           100%       1d8       0%          1
 Searing Ray              Conj           100%       2d8       0%          2
 Apportation              Tloc           92%        N/A       1%          1
 Ensorcelled Hibernation  Hex/Ice        86%        N/A       1%          2
 Lesser Beckoning         Tloc           92%        N/A       1%          2
 Momentum Strike          Conj/Tloc      100%       3d10      1%          2
 Static Discharge         Conj/Air       100%       3-8/arc   1%          2
 Call Canine Familiar     Summ           52%        N/A       1%          3
 Dazzling Flash           Conj/Hex       100%       N/A       1%          3
 Mephitic Cloud           Conj/Alch/Air  52%        N/A       1%          3
 Volatile Blastmotes      Fire/Tloc      100%       2d18      1%          3
 Brom's Barrelling Bould  Conj/Erth      64%        2d8       1%          4
 Fulminant Prism          Conj/Alch      32%        3d15      1%          4
 Jinxbite                 Hex            36%        N/A       3%          2
 Fugue of the Fallen      Necr           18%        N/A       6%          3
 Passwall                 Erth           18%        N/A       6%          3
 Sigil of Binding         Hex            18%        N/A       6%          3
 Swiftness                Air            18%        N/A       6%          3
 Summon Lightning Spire   Summ/Air       36%        N/A       8%          4
 Dimensional Bullseye     Hex/Tloc       16%        N/A       9%          4
 Vhi's Electric Charge    Tloc/Air       64%        N/A       9%          4
 Airstrike                Air            9%         2d(2-18)  21%         4
 Anguish                  Hex/Necr       9%         N/A       21%         4
 Animate Dead             Necr           18%        N/A       21%         4
 Cause Fear               Hex            9%         N/A       21%         4
 Leda's Liquefaction      Alch/Erth      9%         N/A       21%         4
 Arcjolt                  Conj/Air       32%        1d42      2%          5
 Conjure Ball Lightning   Conj/Air       32%        3x3d10    14%         6
 Alistair's Intoxication  Alch           12%        N/A       45%         5
 Curse of Agony           Necr           18%        N/A       45%         5
 Lee's Rapid Deconstruct  Erth           9%         3d7*      45%         5
 Silence                  Hex/Air        9%         N/A       45%         5
 Plasma Beam              Fire/Air       24%        2x1d36    45%         6
 Malign Gateway           Summ/Tloc      25%        N/A       92%         7
 Enfeeble                 Hex            9%         N/A       100%        7
 Dragon's Call            Summ           26%        N/A       100%        9
 Shatter                  Erth           9%         3d11*     100%        9


Dungeon Overview and Level Annotations

Branches:
Dungeon (15/15)            Temple (0/1) D:6            Lair (5/5) D:11
 Shoals (4/4) Lair:3       Spider (4/4) Lair:2        Slime (0/5) Lair:5
    Orc (2/2) D:9             Elf (0/3) Orc:2        Vaults (1/5) D:14
 Depths (0/4) D:15          Sewer (visited)

Shops:
D:8 !   D:13 (   Orc:2 [=*!

Portals:
Pandemonium: Orc:2

Annotations:
D:3 1 transporter, 1 runed translucent door, Crazy Yiuf; lonewolfV2's ghost, amateur FoFi
D:6 3 runed translucent doors, TerraPolaris's ghost, novice MiFi
D:10 2 runed translucent doors
Lair:3 3 runed translucent doors, jimmypageman's ghost, journeyman MiFi
Orc:1 3 runed translucent doors, Burzz's ghost, journeyman MiFi
Orc:2 Calvin's ghost, journeyman GnAE; bayes525's ghost, journeyman MiBe; poulshu's ghost, journeyman MiBe; spaghetti's ghost, adept DsHu


Innate Abilities, Weirdness & Mutations

You have an increased reservoir of magic. (+10% MP)
You shall have no god before yourself.
Your divine heritage dramatically boosts your attributes as you level up.


Message History

The wall freezes something but does no damage.
The wall freezes the vault warden.
The vault warden closely misses you.
You now have 13/37 mp.
You puncture the vault warden!
The vault warden is severely wounded.
The wall freezes something.
You feel you are being watched by something.
You feel your power leaking away.
You now have 3/37 mp.
You hit the vault warden.
The vault warden is almost dead.
The wall freezes the vault warden.
The vault warden hits you with a +1 heavy great mace.
* * * LOW HITPOINT WARNING * * *
The wall freezes something but does no damage.
You feel you are being watched by something.
You feel your power leaking away.
You take 5 damage, and have 24/147 hp.
You now have 0/37 mp.
You hit the vault warden but do no damage.
The vault warden is almost dead.
The wall freezes something but does no damage.
You feel you are being watched by something.
You feel your power leaking away.
You completely miss the vault warden.
The vault warden is almost dead.
The wall freezes the vault warden!
You kill the vault warden!
The runic seals fade away.
Okay, then.
Your icy armour cracks and falls away as you move.
The frozen ramparts melt away as you move.
There is a gate leading back out of this place here.
You feel you are being watched by something.
You feel your power leaking away.
You feel you are being watched by something.
Something hits you!
* * * LOW HITPOINT WARNING * * *
Deactivating autopickup; reactivate with Ctrl-A.
Something hits you but does no damage. Something stings you!
You die...

..# #.....# #.....
..################'##############
.................................
...(...................T...pT....
..........########....p#######...
..........#..##..#.....# #...
........#'#..##..###...# #...
........#..>.......#...# #...
........#.......@..#...# #...
........###..##).#$#...#.....#...
..........#..##..#))...#.###.#...
.........#######)##....#.#u#.#...
..)......#........#....#.###.#...
.........#...[....#....#.....#...
.........#........#....#.###.#...
.........'........#....#.#~#.#...
.........#........#....'.###.#...


There were no monsters in sight!

Vanquished Creatures
  Arachne (Spider:2)
  Rupert (D:14)
  A titan (Shoals:4)
  4 krakens (Shoals:2)
  Frances (Spider:2)
  Kirke (Lair:3)
  Agnes (D:14)
  Donald (Spider:2)
  Louise (Shoals:1)
  5 emperor scorpions
  2 ghost moths (Spider:3)
  2 vault wardens (Vaults:1)
  An orc warlord (Orc:1)
  4 broodmothers
  2 ironbound preservers (D:14)
  An ironbound thunderhulk (Vaults:1)
  A dire elephant (Lair:5)
  4 spark wasps
  Azrael (D:14)
  Snorg (D:11)
  8 merfolk impalers
  A fire dragon (D:15)
  An entropy weaver (Spider:4)
  3 merfolk javelineers (Shoals:4)
  A rakshasa (D:14)
  An ice dragon (D:15)
  2 yaktaur captains
  2 vault guards (Vaults:1)
  A great orb of eyes (Vaults:1)
  Harold (D:11)
  3 hydras
  3 merfolk avatars
  4 centaur warriors
  An ironbound frostheart (Vaults:1)
  Erica (D:9)
  4 radroaches
  A jorogumo (Spider:4)
  2 demonspawn (Orc:2)
  A peacekeeper (Vaults:1)
  2 dancing weapons (D:14)
  A catoblepas (D:15)
  3 merfolk aquamancers
  A tengu warrior (D:15)
  5 boulder beetles
  5 two-headed ogres
  An alligator snapping turtle (Shoals:4)
  2 satyrs (Shoals:1)
  7 death yaks
  8 demonic crawlers
  4 orc high priests
  6 skysharks
  4 skeletal warriors (D:14)
  8 pharaoh ants
  A sixfirhy (Orc:2)
  7 sea snakes
  5 deep trolls (Vaults:1)
  9 orb spiders
  An arcanist (D:13)
  Pikel (D:5)
  3 lindwurms (Vaults:1)
  2 ironbound convokers (D:14)
  10 steelbarb worms
  3 sun moths
  A phantasmal warrior (Vaults:1)
  24 wolf spiders
  9 orc sorcerers (Orc:2)
  21 harpies
  6 orc knights
  12 ugly things
  13 fauns
  15 manticores
  3 merfolk sirens
  3 meliai (D:15)
  7 moths of wrath
  2 vault sentinels (Vaults:1)
  5 water nymphs
  8 cyclopes
  15 elephants
  3 kobold blastminers
  6 torpor snails
  2 black mambas
  9 cane toads
  A rime drake (Lair:5)
  Maggie (Lair:1)
  2 yaktaurs (Vaults:1)
  3 unseen horrors
  Jeremiah (D:6)
  3 kobold demonologists (D:11)
  5 komodo dragons
  An efreet (D:15)
  A tengu conjurer (D:14)
  16 merfolk
  5 polar bears
  2 red devils
  13 wind drakes
  7 trolls
  26 tarantellas
  4 snapping turtles
  2 hornets
  10 dream sheep
  29 blink frogs
  16 slime creatures
  A centaur simulacrum (D:15)
  33 jumping spiders
  A spriggan (shapeshifter) (D:15)
  5 air elementals (Shoals:4)
  A wraith (D:9)
  20 culicivoras
  A shadow (D:9)
  2 hogs (Lair:2)
  13 wyverns
  4 ynoxinuls
  14 water elementals
  2 wargs
  4 steam dragons
  Grum (D:9)
  3 fire elementals (D:14)
  30 yaks
  2 basilisks
  73 redbacks
  A redback simulacrum (D:14)
  2 chaos spawn (Orc:2)
  7 vampire mosquitoes
  Edmund (D:5)
  An acid dragon (D:11)
  3 hell hounds (D:14)
  11 water moccasins
  Duvessa (D:5)
  39 orc warriors
  A sky beast (D:6)
  2 laughing skulls (D:15)
  3 black bears
  A crocodile (shapeshifter) (D:15)
  An ice beast (D:7)
  A sky beast (shapeshifter) (D:14)
  15 wolves
  3 ogres
  A tengu (shapeshifter) (D:14)
  6 centaurs
  A lemure (D:5)
  A phantom (D:6)
  4 kobold brigands
  Blork the orc (D:4)
  9 bullfrogs
  3 wights (D:6)
  Dowan (D:5)
  15 killer bees
  4 electric eels
  8 howler monkeys
  A quasit (Sewer)
  3 hounds
  A jelly (D:8)
  A bombardier beetle (D:4)
  33 orc priests
  2 iguanas
  Jessica (D:3)
  Ijyb (D:3)
  25 orc wizards
  4 adders
  7 gnolls
  6 shadow imps
  2 white imps (D:7)
  11 ufetubi
  3 dart slugs
  5 ribbon worms
  80 orcs
  9 ball pythons
  8 bats
  9 endoplasms
  11 giant cockroaches
  10 goblins
  9 hobgoblins
  2 jackals (D:2)
  21 kobolds
  8 quokkas
  3 frilled lizards
  2 rats (D:1)
1123 creatures vanquished.

Vanquished Creatures (collateral kills)
  Norris (Vaults:1)
  Gastronok (D:8)
  A spark wasp (Spider:4)
  An ettin (Vaults:1)
  A death yak (Lair:5)
  A merfolk avatar (Lair:5)
  3 demonic crawlers (Spider:3)
  An ironbound convoker (Vaults:1)
  A cane toad (Lair:5)
  A komodo dragon (Lair:5)
  2 slime creatures (D:13)
  5 yaks (Lair:5)
  2 orc warriors
21 creatures vanquished.

Vanquished Creatures (others)
  A jumping spider (Spider:3)
  A water elemental (D:10)
  2 humans (Shoals:1)
  An endoplasm (Sewer)
  45 tentacles (Shoals:2)
50 creatures vanquished.

Grand Total: 1194 creatures vanquished

Notes
Turn   | Place    | Note
-------+----------+-------------------------------------------
     0 | D:1      | OlivierBoivin the Demigod Ice Elementalist began the quest
                  | for the Orb.
     0 | D:1      | Reached XP level 1. HP: 14/14 MP: 5/5
   293 | D:1      | Reached XP level 2. HP: 9/20 MP: 1/8
   877 | D:1      | Reached XP level 3. HP: 26/26 MP: 10/10
  1082 | D:2      | Identified the +4 pair of boots of Exclusion {rN+ Int+3}
  1709 | D:3      | Reached XP level 4. HP: 33/33 MP: 12/12
  1766 | D:3      | Noticed Ijyb
  1767 | D:3      | Noticed Jessica
  1780 | D:3      | Killed Ijyb
  1825 | D:3      | Killed Jessica
  1951 | D:3      | Found a transporter.
  1954 | D:3      | Noticed an ogre
  1960 | D:3      | Noticed lonewolfV2's ghost (amateur FoFi)
  1963 | D:3      | Identified the +2 great mace "Hapemm" {drain, rF+ Str+5
                  | Int+3 Dex-3}
  1963 | D:3      | Noticed an ogre
  1973 | D:3      | Reached skill level 1 in Summonings
  2131 | D:3      | Found a runed translucent door.
  2132 | D:3      | Noticed Crazy Yiuf
  2311 | D:3      | Learned a level 3 spell: Frozen Ramparts
  2315 | D:3      | Learned a level 3 spell: Ozocubu's Armour
  2319 | D:3      | Learned a level 3 spell: Summon Ice Beast
  2421 | D:4      | Reached XP level 5. HP: 38/38 MP: 14/14
  2453 | D:4      | Noticed Blork the orc
  2462 | D:4      | Killed Blork the orc
  2876 | D:4      | Reached XP level 6. HP: 45/45 MP: 15/15
  3059 | D:4      | Reached skill level 5 in Ice Magic
  3072 | D:4      | Found a glowing drain.
  3087 | Sewer    | Entered a sewer
  3830 | D:4      | Reached XP level 7. HP: 39/50 MP: 16/16
  4039 | D:5      | Entered Level 5 of the Dungeon
  4060 | D:5      | Noticed Duvessa
  4062 | D:5      | Noticed Dowan
  4073 | D:5      | Killed Duvessa
  4082 | D:5      | Killed Dowan
  4320 | D:5      | Noticed Edmund
  4329 | D:5      | Killed Edmund
  4330 | D:5      | Reached skill level 5 in Summonings
  4434 | D:5      | Noticed Pikel
  4441 | D:5      | Killed Pikel
  4442 | D:5      | Reached XP level 8. HP: 66/66 MP: 1/17
  5014 | D:6      | Found a staircase to the Ecumenical Temple.
  5105 | D:6      | Reached skill level 5 in Fighting
  5107 | D:6      | Reached skill level 1 in Evocations
  5364 | D:6      | Reached skill level 1 in Conjurations
  5364 | D:6      | Reached skill level 1 in Fire Magic
  5629 | D:6      | Reached skill level 2 in Conjurations
  5682 | D:6      | Noticed Jeremiah
  5797 | D:6      | Killed Jeremiah
  5798 | D:6      | Reached skill level 3 in Conjurations
  5798 | D:6      | Reached XP level 9. HP: 68/74 MP: 8/18
  5804 | D:6      | Learned a level 5 spell: Fireball
  5909 | D:6      | Found a runed translucent gate.
  5909 | D:6      | Noticed TerraPolaris's ghost (novice MiFi)
  5934 | D:6      | Found a runed translucent gate.
  5935 | D:6      | Found a runed translucent gate.
  6540 | D:7      | Reached skill level 4 in Conjurations
  6916 | D:8      | Found Giwouh's Distillery.
  7025 | D:8      | Bought a potion of curing for 45 gold pieces
  7025 | D:8      | Bought a potion of resistance for 150 gold pieces
  7025 | D:8      | Bought a potion of lignification for 45 gold pieces
  7025 | D:8      | Bought a potion of enlightenment for 75 gold pieces
  7025 | D:8      | Bought a potion of brilliance for 60 gold pieces
  7025 | D:8      | Bought a potion of degeneration for 15 gold pieces
  7648 | D:9      | Noticed Gastronok
  7648 | D:9      | Found a staircase to the Orcish Mines.
  7662 | D:8      | Killed Gastronok
  7663 | D:8      | Reached skill level 5 in Conjurations
  7663 | D:8      | Reached skill level 5 in Fire Magic
  7776 | D:9      | Reached skill level 6 in Conjurations
  7956 | D:9      | Noticed a two-headed ogre
  7965 | D:9      | Reached XP level 10. HP: 81/81 MP: 10/19
  7965 | D:9      | Killed a two-headed ogre
  7972 | D:9      | Reached skill level 7 in Conjurations
  8407 | D:9      | Noticed a cyclops
  8417 | D:9      | Killed a cyclops
  8681 | D:9      | Noticed a two-headed ogre
  8691 | D:9      | Killed a two-headed ogre
  8692 | D:9      | Reached skill level 8 in Conjurations
  8800 | D:9      | Noticed Erica
  8814 | D:9      | Killed Erica
  8895 | D:9      | Noticed Grum
  8905 | D:9      | Killed Grum
  9528 | D:10     | Entered Level 10 of the Dungeon
 10025 | D:9      | Reached XP level 11. HP: 72/86 MP: 14/21
 10082 | D:10     | Noticed a two-headed ogre
 10092 | D:10     | Killed a two-headed ogre
 10093 | D:10     | Reached skill level 5 in Spellcasting
 10365 | D:10     | Found a large runed translucent door.
 10365 | D:10     | Found a large runed translucent door.
 10447 | D:10     | Noticed a two-headed ogre
 10470 | D:10     | Killed a two-headed ogre
 11068 | D:10     | Learned a level 5 spell: Iskenderun's Battlesphere
 11129 | D:11     | Noticed Snorg
 11137 | D:11     | Killed Snorg
 11345 | D:11     | Noticed Harold
 11579 | D:11     | Killed Harold
 11735 | D:11     | Identified the +0 long sword of Zin's Supremacy {freeze,
                  | rC- rN+ Will+ SInv}
 12360 | D:11     | Found a staircase to the Lair.
 13083 | Lair:1   | Entered Level 1 of the Lair of Beasts
 13091 | Lair:1   | Noticed Maggie
 13109 | Lair:1   | Killed Maggie
 13310 | Lair:1   | Reached skill level 1 in Polearms
 13662 | Lair:1   | Reached XP level 12. HP: 94/94 MP: 19/30
 13754 | Lair:1   | Reached skill level 10 in Spellcasting
 14537 | Lair:1   | Noticed a boulder beetle
 14552 | Lair:1   | Killed a boulder beetle
 14879 | Lair:1   | Reached skill level 5 in Polearms
 16121 | Lair:2   | Found a hole to the Spider Nest.
 16406 | Lair:3   | Noticed a five-headed hydra
 16410 | Lair:3   | Killed a five-headed hydra
 16691 | Lair:3   | Found a runed translucent gate.
 16691 | Lair:3   | Found a runed translucent gate.
 16691 | Lair:3   | Found a runed translucent gate.
 17226 | Lair:3   | Noticed a four-headed hydra
 17240 | Lair:3   | Killed a four-headed hydra
 17241 | Lair:3   | Reached skill level 10 in Fighting
 17461 | Lair:3   | Found a staircase to the Shoals.
 17476 | Lair:3   | Got Sif Muna's Teachings on Shifting Terrain
 17542 | Lair:3   | Reached XP level 13. HP: 113/113 MP: 28/31
 17997 | Lair:3   | Noticed jimmypageman's ghost (journeyman MiFi)
 19475 | Lair:4   | Reached skill level 1 in Armour
 19481 | Lair:4   | Reached skill level 1 in Shields
 19975 | Lair:5   | Entered Level 5 of the Lair of Beasts
 20014 | Lair:5   | Noticed a dire elephant
 20047 | Lair:5   | Killed a dire elephant
 20250 | Lair:5   | Found a staircase to the Slime Pits.
 21719 | Lair:5   | Reached skill level 5 in Dodging
 22228 | Lair:5   | Identified the +1 trident of the Big Fish {vamp, rElec rC+
                  | Str+3}
 22791 | D:12     | Reached skill level 5 in Armour
 22791 | D:12     | Reached XP level 14. HP: 121/121 MP: 19/32
 24024 | D:12     | Reached skill level 5 in Shields
 24760 | D:13     | Found Xaas's Weapon Boutique.
 25913 | D:14     | Noticed Rupert
 25927 | D:14     | Killed Rupert
 27063 | D:14     | Noticed Agnes
 27078 | D:14     | Killed Agnes
 27454 | D:14     | Found a gate to the Vaults.
 27731 | D:14     | Noticed Azrael
 27747 | D:14     | Killed Azrael
 28636 | D:15     | Entered Level 15 of the Dungeon
 29113 | D:15     | Reached skill level 5 in Evocations
 29968 | D:15     | Found a staircase to the Depths.
 30767 | Orc:1    | Entered Level 1 of the Orcish Mines
 31102 | Orc:1    | Reached XP level 15. HP: 117/125 MP: 8/33
 32184 | Orc:1    | Found a runed translucent gate.
 32184 | Orc:1    | Found a runed translucent gate.
 32185 | Orc:1    | Found a runed translucent gate.
 32188 | Orc:1    | Noticed Burzz's ghost (journeyman MiFi)
 32189 | Orc:1    | Found the crystal ball of Wucad Mu {*channel}
 32260 | Orc:2    | Entered Level 2 of the Orcish Mines
 32414 | Orc:2    | Found a staircase to the Elven Halls.
 32661 | Orc:2    | Found a runed translucent gate.
 32661 | Orc:2    | Found a runed translucent gate.
 32661 | Orc:2    | Found a runed translucent gate.
 32663 | Orc:2    | Noticed Calvin's ghost (journeyman GnAE)
 32663 | Orc:2    | Noticed spaghetti's ghost (adept DsHu)
 32664 | Orc:2    | Noticed bayes525's ghost (journeyman MiBe)
 32665 | Orc:2    | Noticed poulshu's ghost (journeyman MiBe)
 33132 | Orc:2    | Found Ockaqok's Distillery.
 33133 | Orc:2    | Found Jeack's General Store.
 33355 | Orc:2    | Bought a potion of curing for 42 gold pieces
 33355 | Orc:2    | Bought 2 potions of lignification for 84 gold pieces
 33355 | Orc:2    | Bought a potion of curing for 42 gold pieces
 33355 | Orc:2    | Bought a potion of haste for 140 gold pieces
 33355 | Orc:2    | Bought a potion of curing for 42 gold pieces
 33355 | Orc:2    | Bought a potion of curing for 42 gold pieces
 34270 | Orc:2    | Found Evoyrat's Antique Armour Shop.
 34270 | Orc:2    | Found Ylaof's Jewellery Boutique.
 34278 | Orc:2    | Reached skill level 10 in Armour
 34330 | Orc:2    | Found a one-way gate leading to the halls of Pandemonium.
 34999 | Orc:2    | Bought a +0 kite shield for 67 gold pieces
 35063 | Orc:2    | Bought a runed helmet for 277 gold pieces
 35479 | Spider:1 | Entered Level 1 of the Spider Nest
 37597 | Spider:1 | Learned a level 4 spell: Iskenderun's Mystic Blast
 37600 | Spider:1 | Learned a level 2 spell: Blink
 37614 | Spider:2 | Reached skill level 1 in Translocations
 37618 | Spider:2 | Noticed Arachne
 38315 | Spider:2 | Noticed Donald
 38320 | Spider:2 | Killed Arachne
 38325 | Spider:1 | HP: 5/126 [wolf spider[a broodmother] (8)]
 38330 | Spider:1 | HP: 5/126 [wolf spider[a broodmother] (9)]
 39273 | Spider:2 | Killed Donald
 39579 | Spider:2 | Reached XP level 16. HP: 119/134 MP: 25/35
 39815 | Spider:2 | Noticed Frances
 40082 | Spider:2 | Identified the +5 battleaxe "Repaedah" {freeze, rF+}
 40417 | Spider:2 | Killed Frances
 40594 | Spider:3 | Reached skill level 10 in Shields
 40654 | Spider:3 | Gained mutation: You are agile. (Dex +4, Str/Int -1)
                  | [mutagenic glow]
 40902 | Spider:3 | Gained mutation: You occasionally lose the ability to drink
                  | potions when taking damage. [mutagenic glow]
 40947 | Spider:3 | Lost mutation: You are agile. (Dex +4, Str/Int -1)
                  | [mutagenic glow]
 41208 | Spider:3 | Gained mutation: You do not regenerate when monsters are
                  | visible. [mutagenic glow]
 41715 | Orc:2    | Bought a potion of mutation for 112 gold pieces
 41719 | Orc:2    | Lost mutation: You occasionally lose the ability to drink
                  | potions when taking damage. [potion of mutation]
 41719 | Orc:2    | Lost mutation: You do not regenerate when monsters are
                  | visible. [potion of mutation]
 41719 | Orc:2    | Gained mutation: You are occasionally teleported next to
                  | monsters. [potion of mutation]
 41719 | Orc:2    | Lost mutation: You are occasionally teleported next to
                  | monsters. [potion of mutation]
 44333 | Spider:4 | Entered Level 4 of the Spider Nest
 46733 | Spider:3 | Reached skill level 10 in Polearms
 49144 | Spider:4 | HP: 3/134 [poisoned by an emperor scorpion]
 49629 | Spider:4 | Identified the +0 pair of boots of the Shining Light {Harm}
 49632 | Spider:4 | Identified the scarf of Fedhas, Chewing {shadows, Fly rN+
                  | Str-5 Int+5}
 49769 | Spider:4 | Got a gossamer rune of Zot
 49893 | Shoals:1 | Entered Level 1 of the Shoals
 49893 | Shoals:1 | Noticed Kirke
 49898 | Shoals:1 | Noticed a sphinx
 49911 | Lair:3   | Reached XP level 17. HP: 140/140 MP: 28/36
 50159 | Lair:3   | Killed Kirke
 50345 | Shoals:1 | Reached skill level 9 in Conjurations
 51065 | Shoals:1 | Reached skill level 10 in Conjurations
 51703 | Shoals:1 | Noticed Louise
 51798 | Shoals:1 | Killed Louise
 52263 | Shoals:2 | Reached skill level 11 in Conjurations
 52641 | Shoals:2 | Identified the +3 whip of Joyful Slaughter {venom, rF+ rN+
                  | Int+2 Stlth+}
 52729 | Shoals:2 | Identified the ring "Feaw" {rN+ rCorr Dex+6}
 53073 | Shoals:4 | Entered Level 4 of the Shoals
 53127 | Shoals:4 | Paralysed by an air elemental for 1 turns
 53238 | Shoals:4 | Paralysed by an air elemental for 1 turns
 53284 | Shoals:4 | Reached skill level 12 in Conjurations
 53302 | Shoals:4 | Noticed a titan
 53308 | Shoals:4 | HP: 5/140 [barbs]
 53308 | Shoals:4 | HP: 1/140 [wind drake/the air (5)]
 54310 | Shoals:4 | Paralysed by an air elemental for 1 turns
 54315 | Shoals:4 | Paralysed by an air elemental for 1 turns
 54369 | Shoals:4 | Paralysed by an air elemental for 1 turns
 54719 | Shoals:4 | Reached skill level 13 in Conjurations
 54791 | Shoals:4 | Killed a titan
 54931 | Shoals:4 | Got the Folio of the Twisted Graveyard
 54934 | Shoals:4 | Got a barnacled rune of Zot
 55497 | Shoals:4 | Learned a level 7 spell: Orb of Destruction
 55729 | Vaults:1 | Entered Level 1 of the Vaults
 55750 | Vaults:1 | Noticed Norris
 55879 | Vaults:1 | HP: 5/136 [poisoned by Norris]
 55892 | Vaults:1 | Killed Norris
 55895 | Vaults:1 | Reached skill level 14 in Conjurations
 56941 | Vaults:1 | Identified the +0 pair of gloves "Soceic" {rElec}
 56989 | Vaults:1 | Reached XP level 18. HP: 87/147 MP: 7/37
 57956 | Vaults:1 | Reached skill level 15 in Conjurations
 57982 | Vaults:1 | Slain by a ghost moth (glowing shapeshifter)

Illustrated notes

Levels and vault maps discovered:
D:1:      ldierk_walled_garden, layout_loops_ring, minmay_misc_feat_rows
D:2:      layout_rooms, minmay_cut_off
D:3:      layout_rooms, gammafunk_ghost_smash,
          shapermc_ecumenical_altar_notcrosses, uniq_crazy_yiuf_cottage,
          uniq_ijyb, uniq_jessica
D:4:      layout_gridville, gup_sewer_entry_pipe, dk_noncrumbling_3,
          minmay_misc_feat_iff, uniq_blork_the_orc
D:5:      layout_rooms, uniq_duvessa, uniq_edmund, uniq_pikel
D:6:      layout_basic, minmay_temple_entry_mini_moons,
          biasface_ghost_orc_armoury, uniq_jeremiah
D:7:      layout_basic, hangedman_abyss_or_decor_passed
D:8:      layout_basic, serial_shops, nicolae_shop_industrial_runoff
D:9:      layout_basic, david_orc_2, uniq_gastronok, uniq_erica, uniq_grum
D:10:     layout_rooms, nicolae_overflow_hidden_temple, lightli_elemental_guards
D:11:     layout_loops_cross, minmay_lair_entry_grove, uniq_snorg, uniq_harold
D:12:     layout_gridville, nicolae_fort_ynox
D:13:     layout_basic, serial_shops, nicolae_inconvenience_store
D:14:     layout_basic, erik_vaults_1, grunt_decor_junction,
          amcnicky_mini_rare_corridor_liquid, eat_drink_and_be_merry_uskayaw,
          uniq_azrael, uniq_rupert, uniq_agnes
D:15:     grunt_enter_depths_hoard, layout_irregular_city,
          nicolae_figureground_sparkle, minmay_misc_feat_x, minivault_11
Lair:1:   layout_small_grid, chequers_serial_rivers_micro_a, uniq_maggie
Lair:2:   layout_misc_corridors, spider_nest_entry_webs, lemuel_fruit_tree,
          serial_bayou_shore_b
Lair:3:   layout_cave_pods, minmay_shoals_entry_beasts, gammafunk_ghost_icy
Lair:4:   layout_regular_city
Lair:5:   gammafunk_lair_ancient_temple, layout_hall_layers, slime_entry_1,
          serial_bayou_shore_b
Shoals:1: layout_shoals, uniq_kirke, uniq_louise
Shoals:2: layout_shoals, nicolae_shoals_kraken_party
Shoals:3: layout_shoals
Shoals:4: shoals_end_hellmonk_storm_palace [storm_palace_center_circular,
          storm_palace_corner_altar, storm_palace_corner_grid,
          storm_palace_corner_altar, storm_palace_corner_grid], serial_shops
Spider:1: layout_cave_pods, nicolae_spider_nook
Spider:2: layout_spider_delve, drop_trap, uniq_donald, uniq_arachne,
          uniq_frances
Spider:3: layout_chambers, drop_trap, nicolae_crawler_farm
Spider:4: guppyfry_spider_rune
Orc:1:    layout_caves, gammafunk_ghost_fury_of_okawaru
Orc:2:    pf_orc_diabolical, layout_diamond_mine, gammafunk_ghost_cemetery
Vaults:1: hangedman_vaults_snaps, hangedman_vaults_impose,
          nicolae_vaults_double_plus_2, v_misc_25, nicolae_vaults_octagons,
          nicolae_vaults_specimen_jars, serial_library_hellmonk_semicircle,
          nicolae_vaults_closet_pinwheel_6, nicolae_vaults_more_shelving_1,
          layout_vaults_omnigrid, serial_shops, shop, uniq_norris

Skill      XL: |  1  2  3  4  5  6  7  8  9 10 11 12 13 14 15 16 17 18 |
---------------+-------------------------------------------------------+-----
Spellcasting   | 2 3 4 9 10 | 10.0
Ice Magic      | 4 5 7 |  7.0
Summonings     | 1 2 3 5 |  5.0
Fighting       | 4 5 10 | 10.0
Evocations     | 1 7 8 |  8.0
Conjurations   | 3 6 8 14 15 | 15.0
Fire Magic     | 3 6 8 |  8.5
Polearms       | 1 5 8 11 12 | 12.0
Dodging        | 5 8 |  8.0
Armour         | 5 8 10 | 10.2
Shields        | 4 5 9 12 | 12.0
Translocations | 4 |  4.0
Stealth        | |  1.7

Action                     |  1- 3 |  4- 6 |  7- 9 | 10-12 | 13-15 | 16-18 || total
---------------------------+-------+-------+-------+-------+-------+-------++-------
  Melee: Dagger            |    18 |       |       |       |       |       ||    18
         Unarmed           |     1 |       |       |       |       |       ||     1
         Lance             |       |       |       |    59 |   839 |  1097 ||  1995
         Staff             |       |       |       |       |     6 |     8 ||    14
   Fire: Sling             |    66 |   138 |   163 |    55 |       |       ||   422
  Throw: Dart              |       |       |     2 |     5 |     7 |     1 ||    15
         Throwing net      |       |       |     1 |     1 |     1 |       ||     3
   Cast: Freeze            |    48 |    39 |    52 |   156 |   354 |    90 ||   739
         Frozen Ramparts   |       |    11 |    31 |    52 |   154 |    86 ||   334
         Summon Ice Beast  |       |     3 |     3 |     5 |    18 |     5 ||    34
         Ozocubu's Armour  |       |     3 |    19 |    34 |    71 |    48 ||   175
         Fireball          |       |       |     1 |    88 |   204 |   292 ||   585
         Iskenderun's Batt |       |       |       |     1 |     1 |       ||     2
         Blink             |       |       |       |       |       |     1 ||     1
         Iskenderun's Myst |       |       |       |       |       |     1 ||     1
         Orb of Destructio |       |       |       |       |       |    12 ||    12
  Evoke: Wand              |       |       |     3 |     5 |    14 |    20 ||    42
         Tin of tremorston |       |       |       |       |       |     6 ||     6
         Box of beasts     |       |       |       |       |       |     4 ||     4
    Use: Scroll            |       |     3 |     5 |     1 |    19 |    19 ||    47
         Potion            |       |       |     2 |       |    11 |    19 ||    32
   Stab: Sleeping          |     3 |       |       |       |       |       ||     3
         Held in net/web   |       |       |       |     1 |       |       ||     1
         Invisible         |       |       |       |       |     4 |       ||     4
         Distracted        |       |       |       |       |     3 |       ||     3
         Paralysed         |       |       |       |       |       |    14 ||    14
 Armour: Robe              |    25 |    44 |    90 |   154 |       |       ||   313
         Skin              |       |       |     2 |       |       |    17 ||    19
         Leather armour    |       |       |       |    75 |   940 |  1112 ||  2127
  Dodge: Dodged            |    44 |    59 |    70 |   199 |   891 |   659 ||  1922
  Block: Buckler           |       |       |       |    29 |   180 |       ||   209
         Kite shield       |       |       |       |       |   326 |   934 ||  1260
